 Dungeon Crawl Stone Soup version 0.22-a0-373-gab1296c (webtiles) character file.

98 ShutUppercut the Cudgeler (level 5, -2/41 HPs)
             Began as a Formicid Abyssal Knight on Apr 25, 2018.
             Was a Believer of Lugonu.
             Slain by a gnoll (4 damage)
             ... on level 4 of the Dungeon.
             The game lasted 00:02:03 (2295 turns).

ShutUppercut the Cudgeler (Formicid Abyssal Knight) Turns: 2295, Time: 00:02:03

Health: -2/41      AC:  3    Str: 20    XL:     5   Next: 1%
Magic:  6/6        EV: 11    Int: 13    God:    Lugonu [**....]
Gold:   93         SH:  0    Dex: 10    Spells: 4/4 levels left

rFire    . . .     SeeInvis +   a - +1 mace
rCold    . . .     Gourm    .   (no shield)
rNeg     . . .     Faith    .   b - +0 leather armour
rPois    .         Spirit   .   (helmet unavailable)
rElec    .         Reflect  .   (no cloak)
rCorr    .         Harm     .   (no gloves)
MR       .....                  (no boots)
Stlth    +.........             (no amulet)
HPRegen  0.13/turn              (no ring)
MPRegen  0.10/turn              (no ring)

@: no status effects
A: permanent stasis, dig shafts and tunnels, four strong arms, antennae 3,
talons 1, clever 1, strong 1
a: Dig, Shaft Self, Depart the Abyss, Bend Space, Renounce Religion


You were on level 4 of the Dungeon.
You worshipped Lugonu.
Lugonu was pleased with you.
You were hungry.

You visited 1 branch of the dungeon, and saw 4 of its levels.
You visited the Abyss 1 time.

You collected 93 gold pieces.

Inventory:

Hand Weapons
 a - a +1 mace (weapon)
 k - a +0 hunting sling of freezing
Armour
 b - a +0 leather armour (worn)
Scrolls
 d - 3 scrolls of teleportation
 f - a scroll of remove curse {unknown}
 g - 2 scrolls of identify {unknown}
 h - a scroll of noise {unknown}
 i - a scroll of magic mapping {unknown}
 j - a scroll of enchant armour {unknown}
 m - a scroll of enchant weapon {unknown}
 p - a scroll of fog {unknown}
Potions
 l - a potion of lignification {unknown}
 n - 2 potions of flight {unknown}
 o - a potion of might {unknown}
Comestibles
 c - 5 rations


   Skills:
 - Level 3.2 Fighting
 + Level 4.7 Maces & Flails
 - Level 2.1 Armour
 - Level 0.8 Dodging
 - Level 2.1 Invocations


You had 4 spell levels left.
You didn't know any spells.

Dungeon Overview and Level Annotations

Branches:
Dungeon (4/15)
 Temple: D:4-7

Altars:
Elyvilon
Gozag
Kikubaaqudgha
Nemelex Xobeh
Uskayaw
Wu Jian
Zin

Annotations:
D:3 Allah's ghost, amateur MiBe


Innate Abilities, Weirdness & Mutations

You cannot be hasted, slowed, berserked, paralysed or teleported.
You can dig through walls and to a lower floor.
Your four strong arms can wield two-handed weapons with a shield.
You have a pair of large antennae on your head. (SInv)
You have sharp toenails.
Your mind is acute. (Int +2)
Your muscles are strong. (Str +2)


Message History

The hound bites you.
* * * LOW HITPOINT WARNING * * *
The gnoll closely misses you. The hound bites you but does no damage.
You hit the hound.
You kill the hound!
Lugonu accepts your kill.
You have reached level 5!
The gnoll barely misses you. x2
You closely miss the gnoll. The gnoll completely misses you.
You completely miss the gnoll. The gnoll hits you.
* * * LOW HITPOINT WARNING * * *
You hit the gnoll.
The gnoll is moderately wounded.
The gnoll hits you.
* * * LOW HITPOINT WARNING * * *
Okay, then.
It was a potion of mutation.
You feel extremely strange.
Your toenails lengthen and sharpen.
You feel clever.
You feel stronger. The gnoll hits you.
You die...

#####
.##....####
.[........###
............##
.............##
.......g.......
.%.....@.......
......†........
#..............
#.............#
#%...........##
##..........##
#.........##
##.......##


You could see a gnoll.

Vanquished Creatures
  A hound (D:4)
  2 worms (D:2)
  4 dart slugs
  2 leopard geckos (D:1)
  2 ball pythons (D:2)
  3 bats
  4 giant cockroaches
  6 goblins
  8 hobgoblins
  A jackal (D:1)
  A quokka (D:2)
  3 frilled lizards
  4 kobolds
  9 rats
50 creatures vanquished.

Notes
Turn   | Place    | Note
-------+----------+-------------------------------------------
     0 | Abyss:1  | ShutUppercut the Formicid Abyssal Knight began the quest for the Orb.
     0 | Abyss:1  | Reached XP level 1. HP: 18/18 MP: 2/2
    52 | D:1      | Escaped the Abyss
   138 | D:1      | Reached XP level 2. HP: 23/24 MP: 3/3
   308 | D:1      | Reached skill level 3 in Maces & Flails
   585 | D:1      | Reached XP level 3. HP: 21/29 MP: 4/4
  1007 | D:2      | Reached ** piety under Lugonu
  1419 | D:2      | Reached skill level 4 in Maces & Flails
  1419 | D:2      | Reached XP level 4. HP: 17/35 MP: 5/5
  2055 | D:2      | Found an ornate altar of the Wu Jian Council.
  2061 | D:2      | Found a sparkling altar of Nemelex Xobeh.
  2065 | D:2      | Found a white marble altar of Elyvilon.
  2077 | D:2      | Found an ancient bone altar of Kikubaaqudgha.
  2081 | D:2      | Found an opulent altar of Gozag.
  2087 | D:2      | Found a glowing silver altar of Zin.
  2091 | D:2      | Found a hide-covered altar of Uskayaw.
  2264 | D:3      | Noticed Allah's ghost (amateur MiBe)
  2291 | D:4      | Reached XP level 5. HP: 10/41 MP: 6/6
  2294 | D:4      | HP: 1/41 [gnoll (5)]
  2295 | D:4      | Gained mutation: You have sharp toenails. [potion of mutation]
  2295 | D:4      | Gained mutation: Your mind is acute. (Int +2) [potion of mutation]
  2295 | D:4      | Gained mutation: Your muscles are strong. (Str +2) [potion of mutation]
  2295 | D:4      | Slain by a gnoll

Vault maps used:
D:1:      lightli_arrival_lavapool, minmay_tetromino_o2
D:2:      grunt_temple_overflow_octagram
D:3:      first_ration
D:4:      lightli_ossuary_entry_decrepit_ruins, uniq_sigmund, uniq_duvessa,
          uniq_purgy

Skill      XL: |  1  2  3 |
---------------+----------+-----
Maces & Flails | 3 4 |  4.7
Fighting       | |  3.2
Armour         | |  2.1
Dodging        | |  0.8
Invocations    | |  2.1

Action                   |  1- 3 |  4- 6 || total
-------------------------+-------+-------++-------
Melee: Mace              |    98 |    68 ||   166
  Use: Scroll            |     1 |       ||     1
       Potion            |       |     1 ||     1
  Eat: Chunk             |     1 |     3 ||     4
Armor: Leather armour    |    22 |    25 ||    47
Dodge: Dodged            |    59 |    65 ||   124

Table legend:
 A = Spawn XP
 B = Non-spawn XP
 C = Spawn XP percentage of total XP
 D = Spawn monster count
 E = Non-spawn monster count
 F = Spawn count percentage of total count
 G = Total turns spent on level
                    A         B        C        D         E        F      G
               +---------+---------+-------+---------+---------+-------+---------
         Total |       0 |     141 |   0.0 |       0 |      50 |   0.0 |  2295
               +---------+---------+-------+---------+---------+-------+---------
           D:1 |       0 |      37 |   0.0 |       0 |      20 |   0.0 |   944
           D:2 |       0 |      56 |   0.0 |       0 |      25 |   0.0 |  1145
           D:3 |       0 |       6 |   0.0 |       0 |       4 |   0.0 |   140
           D:4 |       0 |      42 |   0.0 |       0 |       1 |   0.0 |    14
               +---------+---------+-------+---------+---------+-------+---------
